 Dungeon Crawl Stone Soup version 0.26.1-2-gb8aa6d0cf2 (webtiles) character file.

Game seed: 17567412258167526413

382 FishyPogo the Grave Robber (level 6, -4/44 HPs)
             Began as a Gnoll Necromancer on Feb 28, 2021.
             Was a Follower of Dithmenos.
             Slain by a scorpion (8 damage)
             ... on level 4 of the Dungeon on Mar 1, 2021.
             The game lasted 00:14:34 (4151 turns).

FishyPogo the Grave Robber (Gnoll Necromancer)      Turns: 4151, Time: 00:14:35

Health: -4/44      AC:  5    Str: 11    XL:     6   Next: 76%
Magic:  0/14       EV: 15    Int: 19    God:    Dithmenos [*.....]
Gold:   108        SH:  0    Dex: 15    Spells: 10/15 levels left

rFire    + . .     SeeInvis .   q - +2 whip (vamp)
rCold    + . .     Faith    .   (no shield)
rNeg     . . .     Spirit   .   p - +2 robe
rPois    .         Reflect  .   (no helmet)
rElec    .         Harm     .   A - scarf {rC+ rF+}
rCorr    .         Rampage  .   v - +0 pair of gloves
Will     .....                  (no boots)
Stlth    +++.......             (no amulet)
HPRegen  0.14/turn              (no ring)
MPRegen  0.14/turn              (no ring)

@: wreathed by umbra
A: distributed training, fangs 1, strong nose
a: Renounce Religion


You were on level 4 of the Dungeon.
You worshipped Dithmenos.
Dithmenos was aware of your devotion.
You visited 1 branch of the dungeon, and saw 4 of its levels.

You collected 108 gold pieces.

Inventory:

Hand Weapons
 k - a +0 dagger of holy wrath
 q - a +2 vampiric whip (weapon)
Missiles
 e - 94 stones (quivered)
 h - 6 silver javelins
 i - 12 boomerangs
Armour
 a - a +0 robe
 m - a +2 chain mail of positive energy
 p - a +2 robe (worn)
 v - a +0 pair of gloves (worn)
 A - a scarf of resistance (worn)
Jewellery
 s - an uncursed amulet of guardian spirit {unknown}
 y - a +6 ring of dexterity {unknown}
Wands
 l - a wand of polymorph (15)
Scrolls
 b - a scroll of enchant armour {unknown}
 c - 6 scrolls of identify {unknown}
 g - 3 scrolls of teleportation {unknown}
 j - 2 scrolls of immolation {unknown}
 n - a scroll of remove curse {unknown}
 r - a scroll of amnesia {unknown}
 x - a scroll of magic mapping {unknown}
Potions
 d - a potion of flight {unknown}
 f - a potion of invisibility {unknown}
 o - a potion of brilliance {unknown}
 t - a potion of berserk rage
 u - a potion of haste {unknown}
 w - 2 potions of cancellation {unknown}
 z - a potion of heal wounds {unknown}


   Skills:
 + Level 2.1 Fighting
 + Level 2.1 Short Blades
 + Level 2.1 Long Blades
 + Level 2.1 Axes
 + Level 2.1 Maces & Flails
 + Level 2.1 Polearms
 + Level 2.1 Staves
 + Level 2.1 Slings
 + Level 2.1 Bows
 + Level 2.1 Crossbows
 + Level 2.1 Throwing
 + Level 2.1 Armour
 + Level 5.0 Dodging
 + Level 4.7 Stealth
 + Level 2.1 Shields
 + Level 2.1 Unarmed Combat
 + Level 5.4 Spellcasting
 + Level 1.6 Conjurations
 + Level 1.6 Hexes
 + Level 1.6 Summonings
 + Level 7.3 Necromancy
 + Level 1.6 Translocations
 + Level 1.6 Transmutations
 + Level 1.6 Fire Magic
 + Level 1.6 Ice Magic
 + Level 1.6 Air Magic
 + Level 1.6 Earth Magic
 + Level 1.6 Poison Magic
 + Level 2.3 Invocations
 + Level 2.1 Evocations


You had 10 spell levels left.
You knew the following spells:

 Your Spells              Type           Power        Failure   Level
a - Pain                  Necr           100%         1%          1
c - Vampiric Draining     Necr           16%          1%          3
y - Animate Skeleton      Necr           66%          1%          1

Your spell library contained the following spells:

 Spells                   Type           Power        Failure   Level
 Animate Dead             Necr           16%          6%          4
 Agony                    Necr           33%          16%         5


Dungeon Overview and Level Annotations

Branches:
Dungeon (4/15)
 Temple: D:4-7

Altars:
Ashenzari
Dithmenos
Xom
Zin


Innate Abilities, Weirdness & Mutations

Your experience applies equally to all skills.
You have very sharp teeth.
Your uncanny sense of smell can sniff out nearby items.


Message History

Aiming: Pain (safe; 1% risk of failure)
Press: ? - help, Shift-Dir - straight line, f/p - scorpion
Aim: a scorpion (heavily wounded, umbra, chance to affect: 84%)
The scorpion writhes in agony!
The scorpion stings you.
* * * LOW HITPOINT WARNING * * *
You hit the scorpion but do no damage.
You bite the scorpion, but do no damage.
The scorpion is severely wounded.
The scorpion barely misses you.
Casting: Pain (safe; 1% risk of failure)
Confirm with . or Enter, or press ? or * to list all spells.
Aiming: Pain (safe; 1% risk of failure)
Press: ? - help, Shift-Dir - straight line, f/p - scorpion
Aim: a scorpion (severely wounded, umbra, chance to affect: 84%)
The scorpion writhes in agony.
The scorpion closely misses you.
Your magical contamination has completely faded away.
You hit the scorpion.
The scorpion is almost dead.
The scorpion stings you!
You die...

#######
#.....###
##...#...###
##..######..####
###@.##
###...### #)s###
####..# #.).##
###. #..... ##
#..... #.....
#..... #.....
#.....


You could see a scorpion.

Vanquished Creatures
  2 orc priests (D:3)
  Jessica (D:2)
  Terence (D:2)
  4 orc wizards
  5 adders
  A shadow imp (D:3)
  2 oozes (D:2)
  A worm (D:2)
  A dart slug (D:1)
  2 leopard geckos
  11 orcs
  A ball python (D:2)
  8 bats
  2 giant cockroaches (D:2)
  7 goblins
  11 hobgoblins
  7 jackals
  14 kobolds
  2 quokkas
  A jackal skeleton (D:4)
  A quokka skeleton (D:3)
  8 rats
93 creatures vanquished.

Vanquished Creatures (collateral kills)
  A giant cockroach (D:3)
1 creature vanquished.

Grand Total: 94 creatures vanquished

Notes
Turn   | Place    | Note
-------+----------+-------------------------------------------
     0 | D:1      | FishyPogo the Gnoll Necromancer began the quest for the
                  | Orb.
     0 | D:1      | Reached XP level 1. HP: 13/13 MP: 6/6
   137 | D:1      | Found a broken altar of Ashenzari.
   272 | D:1      | Reached XP level 2. HP: 18/19 MP: 5/7
  1019 | D:2      | Reached XP level 3. HP: 20/25 MP: 3/9
  1023 | D:2      | Learned a level 3 spell: Vampiric Draining
  1114 | D:2      | Reached skill level 5 in Spellcasting
  1170 | D:2      | Reached skill level 1 in Invocations
  1176 | D:2      | Noticed Terence
  1204 | D:2      | Killed Terence
  1205 | D:2      | Reached skill level 1 in Fighting
  1205 | D:2      | Reached skill level 1 in Short Blades
  1205 | D:2      | Reached skill level 1 in Long Blades
  1205 | D:2      | Reached skill level 1 in Axes
  1205 | D:2      | Reached skill level 1 in Maces & Flails
  1205 | D:2      | Reached skill level 1 in Polearms
  1205 | D:2      | Reached skill level 1 in Staves
  1205 | D:2      | Reached skill level 1 in Slings
  1205 | D:2      | Reached skill level 1 in Bows
  1205 | D:2      | Reached skill level 1 in Crossbows
  1205 | D:2      | Reached skill level 1 in Throwing
  1205 | D:2      | Reached skill level 1 in Armour
  1205 | D:2      | Reached skill level 1 in Shields
  1205 | D:2      | Reached skill level 1 in Unarmed Combat
  1205 | D:2      | Reached skill level 1 in Evocations
  1205 | D:2      | Reached XP level 4. HP: 28/32 MP: 11/11
  1573 | D:2      | Reached skill level 1 in Conjurations
  1573 | D:2      | Reached skill level 1 in Hexes
  1573 | D:2      | Reached skill level 1 in Summonings
  1573 | D:2      | Reached skill level 1 in Translocations
  1573 | D:2      | Reached skill level 1 in Transmutations
  1573 | D:2      | Reached skill level 1 in Fire Magic
  1573 | D:2      | Reached skill level 1 in Ice Magic
  1573 | D:2      | Reached skill level 1 in Air Magic
  1573 | D:2      | Reached skill level 1 in Earth Magic
  1573 | D:2      | Reached skill level 1 in Poison Magic
  1658 | D:2      | Noticed Jessica
  1667 | D:2      | Killed Jessica
  1668 | D:2      | Reached XP level 5. HP: 15/37 MP: 7/12
  2028 | D:2      | Learned a level 1 spell: Animate Skeleton
  2390 | D:3      | Found a shadowy altar of Dithmenos.
  2410 | D:3      | Became a worshipper of Dithmenos the Shadowed
  3140 | D:3      | Reached XP level 6. HP: 29/44 MP: 10/13
  3165 | D:3      | Reached skill level 5 in Dodging
  3459 | D:3      | Reached * piety under Dithmenos
  3747 | D:3      | Found a shimmering altar of Xom.
  3747 | D:3      | Noticed an angel
  3749 | D:3      | Found a glowing silver altar of Zin.
  3947 | D:3      | Found a faded altar of an unknown god.
  4151 | D:4      | Slain by a scorpion

Illustrated notes

Levels and vault maps discovered:
D:1:      psy_arrival_fountain, layout_loops_ring, evilmike_ruin_ashenzari
D:2:      layout_loops_ring, kennysheep_jessica_study, uniq_jessica,
          uniq_terence
D:3:      layout_basic, grunt_temple_overflow_order_and_chaos_1,
          nicolae_dithmenos_shadow_blocks,
          chequers_ecumenical_altar_simple_redux, minmay_increasing_density
D:4:      layout_cave_pods, corexii_hall_statues_i

Skill      XL: |  1  2  3  4  5  6 |
---------------+-------------------+-----
Spellcasting   | 5 |  5.4
Invocations    | 1 2 |  2.3
Fighting       | 1 2 |  2.1
Short Blades   | 1 2 |  2.1
Long Blades    | 1 2 |  2.1
Axes           | 1 2 |  2.1
Maces & Flails | 1 2 |  2.1
Polearms       | 1 2 |  2.1
Staves         | 1 2 |  2.1
Slings         | 1 2 |  2.1
Bows           | 1 2 |  2.1
Crossbows      | 1 2 |  2.1
Throwing       | 1 2 |  2.1
Armour         | 1 2 |  2.1
Shields        | 1 2 |  2.1
Unarmed Combat | 1 2 |  2.1
Evocations     | 1 2 |  2.1
Conjurations   | 1 |  1.6
Hexes          | 1 |  1.6
Summonings     | 1 |  1.6
Translocations | 1 |  1.6
Transmutations | 1 |  1.6
Fire Magic     | 1 |  1.6
Ice Magic      | 1 |  1.6
Air Magic      | 1 |  1.6
Earth Magic    | 1 |  1.6
Poison Magic   | 1 |  1.6
Dodging        | 5 |  5.0
Stealth        | |  4.7
Necromancy     | |  7.3

Action                   |  1- 3 |  4- 6 || total
-------------------------+-------+-------++-------
Melee: Unarmed           |    18 |       ||    18
       Dagger            |    10 |    28 ||    38
       Bite              |     1 |    25 ||    26
       Whip              |       |   159 ||   159
       Punch             |       |     1 ||     1
Throw: Stone             |     1 |     5 ||     6
 Cast: Pain              |    32 |    63 ||    95
       Animate Skeleton  |       |    13 ||    13
       Vampiric Draining |       |     4 ||     4
  Use: Potion            |       |     1 ||     1
 Stab: Confused          |     1 |       ||     1
       Sleeping          |       |     3 ||     3
       Distracted        |       |     1 ||     1
Armor: Robe              |     2 |    39 ||    41
       Skin              |     2 |       ||     2
Dodge: Dodged            |    36 |   130 ||   166
